[Event "5th Thessaloniki SKG Open-B 2024"]
[Site "Thessaloniki"]
[Date "2024.08.06"]
[Round "1.1"]
[White "Samakas, Anastasios"]
[Black "Giakoustidou, Evgenia"]
[Result "1-0"]
[ECO "B20"]
[WhiteElo "2000"]
[BlackElo "1629"]
[Annotator "NA RC"]
[PlyCount "61"]
[EventDate "2024.08.05"]
[EventType "swiss"]
[EventCountry "GRE"]
[SourceTitle "playchess.com"]
[Source "ChessBase"]
[SourceQuality "1"]
[TimeControl "40/5400+30:1800+30"]

1. e4 c5 2. b3 d6 3. Bb2 e5 4. Bb5+ Nc6 5. Bxc6+ bxc6 6. Ne2 Nf6 7. d3 Be7 8. O-O O-O 9. Nd2 Qc7 10. Qe1 Nd7 11. f4 exf4 12. Nxf4 Bf6 13. c3 g6 14. Qg3 Bg7 15. Kh1 a5 16. Nc4 Nb6 17. Ne3 a4 18. Rae1 axb3 19. axb3 Rb8 20. Ba1 Bd7 21. Nf5 Bxf5 22. exf5 Nd5 23. Nh5 gxh5 24. f6 Nxf6 25. Rxf6 Rbe8 26. Ref1 Re6 27. c4 Qe7 28. Qxg7+ Kxg7 29. Rxe6+ Kg8 30. Rxe7 f5 31. Rg7+ 1-0

[Event "5th Thessaloniki SKG Open-B 2024"]
[Site "Thessaloniki"]
[Date "2024.08.06"]
[Round "1.2"]
[White "Lamprinos, Athanasios Angelos"]
[Black "Danis, Hrisovalantis"]
[Result "1-0"]
[ECO "B89"]
[WhiteElo "1626"]
[BlackElo "1983"]
[Annotator "NA RC"]
[PlyCount "71"]
[EventDate "2024.08.05"]
[EventType "swiss"]
[EventCountry "GRE"]
[SourceTitle "playchess.com"]
[Source "ChessBase"]
[SourceQuality "1"]
[TimeControl "40/5400+30:1800+30"]

1. e4 c5 2. Nf3 Nc6 3. d4 cxd4 4. Nxd4 Nf6 5. Nc3 d6 6. Bc4 e6 7. Be3 Be7 8. f3 O-O 9. Qd2 d5 10. exd5 Nxd5 11. Nxd5 exd5 12. Bb3 Bh4+ 13. g3 Bf6 14. O-O-O a5 15. Nb5 a4 16. Bxd5 a3 17. Nxa3 Rxa3 18. bxa3 Qe7 19. c3 Qxa3+ 20. Qb2 Qa5 21. Bb6 Qa6 22. Bc5 Re8 23. Qb3 Be6 24. Bxe6 Rxe6 25. Qa3 h5 26. Qxa6 bxa6 27. Rd6 Bxc3 28. Rxe6 fxe6 29. Rd1 a5 30. Kc2 Bf6 31. f4 Kf7 32. Kb3 e5 33. Rd6 Nd4+ 34. Bxd4 exd4 35. Kc4 Ke7 36. Ra6 1-0

[Event "5th Thessaloniki SKG Open-B 2024"]
[Site "Thessaloniki"]
[Date "2024.08.06"]
[Round "1.3"]
[White "Pantoglou, Dimitrios"]
[Black "Alla, Andreas"]
[Result "1-0"]
[ECO "E92"]
[WhiteElo "1893"]
[BlackElo "1623"]
[Annotator "NA RC"]
[PlyCount "145"]
[EventDate "2024.08.05"]
[EventType "swiss"]
[EventCountry "GRE"]
[SourceTitle "playchess.com"]
[Source "ChessBase"]
[SourceQuality "1"]
[TimeControl "40/5400+30:1800+30"]

1. d4 Nf6 2. c4 g6 3. Nc3 Bg7 4. e4 d6 5. Nf3 O-O 6. Be2 e5 7. O-O Nc6 8. d5 Ne7 9. Be3 Ne8 10. Nd2 f5 11. f3 f4 12. Bf2 g5 13. Rc1 {[%emt 0:00:30] E92: King's Indian: Classical: 6 Be2 e5: 7 dxe5, 7 Be3 and Petrosian System without 7...Nbd7.} Nf6 14. c5 h5 15. cxd6 cxd6 16. Nb5 b6 17. Nc7 Rb8 18. Ba6 Bxa6 19. Nxa6 Rc8 20. Qa4 Qd7 21. Qxd7 Nxd7 22. b4 Rxc1 23. Rxc1 Rc8 24. Rc7 Rxc7 25. Nxc7 Bf6 26. Nc4 Nc8 27. Kf1 Kf7 28. Ke2 Bd8 29. Ne6 Be7 30. Kd3 Nf8 31. Nc7 Nd7 32. Kc3 Bd8 33. Ne6 Be7 34. Kb3 Nf8 35. Nc7 Bd8 36. Na6 g4 37. Ka4 gxf3 38. gxf3 Ng6 39. Kb5 Bh4 40. Bxh4 Nxh4 41. Nd2 Ne7 42. Nb8 Ke8 43. Nc6 Nc8 44. Ka6 Kd7 45. Nxa7 Nxa7 46. Kxa7 Kc7 47. a4 Ng2 48. Ka6 h4 49. a5 bxa5 50. bxa5 h3 51. Kb5 Ne1 52. a6 Nc2 53. a7 Kb7 54. a8=Q+ Kxa8 55. Kc6 Nb4+ 56. Kxd6 Nd3 57. Kc7 Nc5 58. d6 Ne6+ 59. Kc8 Ka7 60. d7 Kb6 61. Nc4+ Kc5 62. Nxe5 Kd4 63. Ng4 Kd3 64. d8=Q+ Nxd8 65. Kxd8 Ke2 66. e5 Kxf3 67. e6 Kxg4 68. e7 Kf3 69. e8=Q Kg2 70. Qe2+ Kg1 71. Qf3 Kxh2 72. Qf2+ Kh1 73. Kc8 1-0

[Event "5th Thessaloniki SKG Open-B 2024"]
[Site "Thessaloniki"]
[Date "2024.08.06"]
[Round "1.4"]
[White "Balaskas, Stefanos"]
[Black "Vakalopoulos, Hristos"]
[Result "0-1"]
[ECO "B23"]
[WhiteElo "1619"]
[BlackElo "1866"]
[Annotator "NA RC"]
[PlyCount "92"]
[EventDate "2024.08.05"]
[EventType "swiss"]
[EventCountry "GRE"]
[SourceTitle "playchess.com"]
[Source "ChessBase"]
[SourceQuality "1"]
[TimeControl "40/5400+30:1800+30"]

1. e4 c5 2. Nc3 Nc6 3. Bb5 Nd4 4. Nf3 g6 5. Nxd4 cxd4 6. Ne2 Bg7 7. c3 Nf6 8. e5 Nd5 9. cxd4 O-O 10. O-O d6 11. f4 Be6 12. Kh1 Qb6 13. Ba4 Rfc8 14. Bb3 a5 15. Qe1 a4 16. Bxd5 Bxd5 17. f5 dxe5 18. fxg6 Qxg6 19. Qf2 Ra6 20. Ng3 Rf6 21. Qe2 Rxf1+ 22. Qxf1 exd4 23. d3 Rc2 24. Ne4 Bxe4 25. dxe4 Qxe4 26. Bf4 d3 27. Re1 Re2 28. Rc1 f5 29. b3 d2 30. Bxd2 Rxd2 31. Re1 Qd5 32. bxa4 Bf6 33. a3 Kf7 34. Rc1 e6 35. h4 Be5 36. Re1 Bg3 37. Rb1 Rf2 38. Qg1 Qe4 39. Rb4 Qe2 40. Rxb7+ Kg6 41. Rb1 Qg4 42. Rb4 f4 43. Qb1+ Kh6 44. Rxf4 Rxf4 45. Kg1 Qxh4 46. Qc1 Qh2# 0-1

[Event "5th Thessaloniki SKG Open-B 2024"]
[Site "Thessaloniki"]
[Date "2024.08.06"]
[Round "1.5"]
[White "Zlotogorski, Itay"]
[Black "Seretis, Anastasios"]
[Result "1/2-1/2"]
[ECO "C00"]
[WhiteElo "1822"]
[BlackElo "1612"]
[Annotator "NA RC"]
[PlyCount "59"]
[EventDate "2024.08.05"]
[EventType "swiss"]
[EventCountry "GRE"]
[SourceTitle "playchess.com"]
[Source "ChessBase"]
[SourceQuality "1"]
[TimeControl "40/5400+30:1800+30"]

1. e4 c5 2. d3 e6 3. f4 d5 4. e5 Nc6 5. Nf3 Nge7 6. g4 b6 7. Bg2 Bb7 8. O-O Qc7 9. Be3 Ng6 10. Na3 a6 11. Qd2 Be7 12. Bf2 Qd8 13. Rae1 Bh4 14. f5 Bxf2+ 15. Rxf2 Nh4 16. fxe6 Nxf3+ 17. Rxf3 fxe6 18. c4 d4 19. Qf4 Qe7 20. Ref1 Nb4 21. Qf7+ Qxf7 22. Rxf7 Bxg2 23. Kxg2 Nxd3 24. Rxg7 Nxb2 25. Rff7 d3 26. Re7+ Kf8 27. Rgf7+ Kg8 28. Rg7+ Kf8 29. Rgf7+ Kg8 30. Rg7+ 1/2-1/2

[Event "5th Thessaloniki SKG Open-B 2024"]
[Site "Thessaloniki"]
[Date "2024.08.06"]
[Round "1.6"]
[White "Abdurahman, Ahmet Selim"]
[Black "Naci, Igli"]
[Result "0-1"]
[ECO "D02"]
[WhiteElo "1602"]
[BlackElo "1800"]
[Annotator "NA RC"]
[PlyCount "94"]
[EventDate "2024.08.05"]
[EventType "swiss"]
[EventCountry "GRE"]
[SourceTitle "playchess.com"]
[Source "ChessBase"]
[SourceQuality "1"]
[TimeControl "40/5400+30:1800+30"]

1. Nf3 d5 2. d4 Nf6 3. Bf4 e6 4. e3 Bd6 5. Bg3 O-O 6. Bd3 Re8 7. O-O c5 8. c4 Nc6 9. Bxd6 Qxd6 10. cxd5 exd5 11. dxc5 Qxc5 12. Nc3 Bg4 13. h3 Bh5 14. Rc1 Qe7 15. Be2 Rad8 16. Nd4 Bg6 17. Bb5 Qd6 18. Na4 Rc8 19. Bxc6 bxc6 20. Nc5 Ne4 21. Ndb3 Rb8 22. Qd4 Rb5 23. a4 Nxc5 24. Nxc5 Rb6 25. b3 Qe7 26. Rc3 h6 27. Rfc1 a5 28. Ne6 fxe6 29. Qxb6 Be4 30. Qc5 Qg5 31. g3 Qf5 32. Kf1 Rf8 33. R3c2 Qxh3+ 34. Ke1 Qh1+ 35. Kd2 Rxf2+ 36. Kc3 Rxc2+ 37. Rxc2 Qe1+ 38. Kb2 Bxc2 39. Kxc2 Qxg3 40. Qxa5 Qxe3 41. Qa8+ Kh7 42. Qxc6 Qe2+ 43. Kb1 d4 44. Qc2+ d3 45. Qc1 h5 46. Qc4 Qe1+ 47. Kb2 d2 0-1

[Event "5th Thessaloniki SKG Open-B 2024"]
[Site "Thessaloniki"]
[Date "2024.08.06"]
[Round "1.7"]
[White "Hatzigrigoriou, Georgios"]
[Black "Soyer, Melin"]
[Result "1-0"]
[ECO "B22"]
[WhiteElo "1800"]
[BlackElo "1602"]
[Annotator "NA RC"]
[PlyCount "85"]
[EventDate "2024.08.05"]
[EventType "swiss"]
[EventCountry "GRE"]
[SourceTitle "playchess.com"]
[Source "ChessBase"]
[SourceQuality "1"]
[TimeControl "40/5400+30:1800+30"]

1. e4 c5 2. Nf3 e6 3. c3 d5 4. exd5 exd5 5. d4 cxd4 6. Qxd4 Nc6 7. Bb5 a6 8. Ba4 b5 9. Qe3+ Be7 10. Bc2 Nf6 11. O-O O-O 12. Rd1 Re8 13. Qd3 g6 14. Nd4 Ne5 15. Qg3 Bd6 16. Qh4 Neg4 17. h3 Qe7 18. Bd2 Bf4 19. hxg4 Bxg4 20. f3 g5 21. Qf2 Bxd2 22. Qxd2 Qe5 23. fxg4 Nxg4 24. Nf3 Qe3+ 25. Qxe3 Nxe3 26. Rc1 Nxc2 27. Rxc2 g4 28. Nd4 Re1+ 29. Kf2 Rae8 30. Re2 R1xe2+ 31. Nxe2 h5 32. g3 Kg7 33. Nf4 Re5 34. Nd2 Rf5 35. Nb3 h4 36. Nd4 Rf6 37. Re1 h3 38. Re5 Kf8 39. Rxd5 Rh6 40. Nf5 Re6 41. Nxe6+ fxe6 42. Rd8+ Kf7 43. Nh6+ 1-0

[Event "5th Thessaloniki SKG Open-B 2024"]
[Site "Thessaloniki"]
[Date "2024.08.07"]
[Round "2.1"]
[White "Avanesyan, Aleksandr"]
[Black "Samakas, Anastasios"]
[Result "1-0"]
[ECO "B13"]
[WhiteElo "1700"]
[BlackElo "2000"]
[Annotator "RC"]
[PlyCount "105"]
[EventDate "2024.08.05"]
[EventType "swiss"]
[EventCountry "GRE"]
[SourceTitle "playchess.com"]
[Source "ChessBase"]
[SourceQuality "1"]
[TimeControl "40/5400+30:1800+30"]

1. e4 c6 2. d4 d5 3. exd5 cxd5 4. Bd3 Nc6 5. c3 g6 6. Bf4 Bg7 7. Nf3 Nf6 8. h3 O-O 9. O-O a6 10. a4 Bf5 11. Ne5 Ne4 12. Nxc6 bxc6 13. Qc2 Nd6 14. Nd2 f6 15. Rfe1 e5 16. dxe5 fxe5 17. Bxe5 Bxe5 18. Rxe5 Qg5 19. Bxf5 Nxf5 20. Nf3 Qd8 21. Rae1 Ra7 22. Qd2 Nd6 23. Qg5 Qb6 24. Qe3 Qxe3 25. R5xe3 Rf4 26. Re6 Nc4 27. b3 Nb2 28. Rxc6 Rb7 29. Nd4 Nd3 30. Rc8+ Rf8 31. Rxf8+ Kxf8 32. Re3 Nc5 33. Re5 Nxb3 34. Rxd5 Nd2 35. Ne6+ Ke7 36. Rxd2 Kxe6 37. Rd4 Rb1+ 38. Kh2 a5 39. f4 Rb3 40. Re4+ Kf5 41. Rc4 h5 42. Kg3 Ra3 43. Rc5+ Ke4 44. Re5+ Kd3 45. Rxa5 Rxc3 46. Kh4 Ke4 47. g3 Kf3 48. Ra6 g5+ 49. fxg5 Rc4+ 50. Kxh5 Kxg3 51. g6 Kxh3 52. g7 Rh4+ 53. Kg6 1-0

[Event "5th Thessaloniki SKG Open-B 2024"]
[Site "Thessaloniki"]
[Date "2024.08.07"]
[Round "2.2"]
[White "Rose, Nathan"]
[Black "Pantoglou, Dimitrios"]
[Result "0-1"]
[ECO "C07"]
[WhiteElo "1694"]
[BlackElo "1893"]
[Annotator "NA RC"]
[PlyCount "72"]
[EventDate "2024.08.05"]
[EventType "swiss"]
[EventCountry "GRE"]
[SourceTitle "playchess.com"]
[Source "ChessBase"]
[SourceQuality "1"]
[TimeControl "40/5400+30:1800+30"]

1. e4 e6 2. d4 d5 3. Nd2 c5 4. exd5 Qxd5 5. Ngf3 cxd4 6. Bc4 Qd6 7. O-O Nf6 8. Nb3 Nc6 9. Nfxd4 Nxd4 10. Nxd4 a6 11. a4 Be7 12. c3 O-O 13. Qf3 Qc7 14. Bd3 {[%emt 0:03:25] C07: French Tarrasch: 3...c5, 4 Ngf3 and 4 exd5 Qxd5.} Bd7 15. Re1 Rad8 16. Bf4 Bd6 17. Bxd6 Qxd6 18. Qxb7 e5 19. Nf3 (19. Qxa6 $17 {was worth a try.} Qxa6 20. Bxa6 exd4 21. a5) 19... Qxd3 20. Rad1 (20. Nxe5 {is a better defense.} Qd2 21. Nxd7 Rxd7 22. Qxa6 Qxb2 23. Qa5) 20... Bc6 21. Rxd3 Bxb7 22. Rxd8 Rxd8 23. Nxe5 Re8 24. f4 Nd5 25. g3 f6 26. Nd3 Rxe1+ 27. Nxe1 Ne3 28. Nd3 Kf7 29. Kf2 Nc4 30. b3 Na5 31. Nc5 Ke7 32. b4 Kd6 33. Ke3 {[%emt 0:00:00] [#]} Kd5 $1 34. Kd3 Bc8 35. h4 (35. g4 {was called for.}) 35... Nc4 36. a5 {[%emt 0:00:00] [#]} (36. Kc2 {might work better.}) 36... Nxa5 $19 0-1

[Event "5th Thessaloniki SKG Open-B 2024"]
[Site "Thessaloniki"]
[Date "2024.08.07"]
[Round "2.3"]
[White "Vakalopoulos, Hristos"]
[Black "Gunes, Eylul"]
[Result "1/2-1/2"]
[ECO "D36"]
[WhiteElo "1866"]
[BlackElo "1695"]
[Annotator "NA RC"]
[PlyCount "75"]
[EventDate "2024.08.05"]
[EventType "swiss"]
[EventCountry "GRE"]
[SourceTitle "playchess.com"]
[Source "ChessBase"]
[SourceQuality "1"]
[TimeControl "40/5400+30:1800+30"]

1. c4 e6 2. Nc3 d5 3. cxd5 exd5 4. d4 Nf6 5. Bg5 Be7 6. Qc2 O-O 7. e3 c6 8. Bd3 h6 9. Bh4 Ne8 {[%emt 0:05:32] D36: Queen's Gambit Declined: Exchange Variation: Main line (5 Bg5 c6 6 Qc2).} 10. Bxe7 Qxe7 11. Nxd5 cxd5 12. Qxc8 Nc6 13. Qf5 Qb4+ 14. Kf1 Nf6 15. Rb1 Rfe8 16. Nf3 Ne7 17. Qf4 Rac8 18. g4 Ne4 19. a3 Qb3 20. Bxe4 dxe4 21. Ne1 $2 (21. Qxe4 $11 Ng6 22. Qf5) 21... Nd5 22. Qg3 Nc3 23. Rc1 (23. bxc3 $142 Qxb1 24. Qd6) 23... Qxb2 (23... Ne2 $142 24. Kxe2 Rxc1) 24. Rc2 Qxa3 25. h4 Qa6+ 26. Kg2 Qe6 27. Rb2 b6 28. Nc2 $2 (28. Kh2) 28... Na4 (28... Ne2 $142 29. Qh3 Rc3) 29. Rb4 Rxc2 30. Rxa4 Ra2 31. Ra1 $2 (31. Rxa2 $17 Qxa2 32. Rc1) 31... Rxa4 32. Rxa4 Qd7 (32... a5 $19 33. g5 Kh7) 33. Rc4 Rc8 34. Rxc8+ $15 Qxc8 35. Qf4 $2 (35. d5 $11) 35... Qb7 $2 (35... a5 $19 36. Qxe4 a4) 36. Qe5 b5 37. d5 Qd7 38. Kg3 1/2-1/2

[Event "5th Thessaloniki SKG Open-B 2024"]
[Site "Thessaloniki"]
[Date "2024.08.07"]
[Round "2.4"]
[White "Naci, Igli"]
[Black "Gkogkolas, Georgios"]
[Result "1/2-1/2"]
[ECO "B22"]
[WhiteElo "1800"]
[BlackElo "1690"]
[Annotator "NA RC"]
[PlyCount "71"]
[EventDate "2024.08.05"]
[EventType "swiss"]
[EventCountry "GRE"]
[SourceTitle "playchess.com"]
[Source "ChessBase"]
[SourceQuality "1"]
[TimeControl "40/5400+30:1800+30"]

1. e4 c5 2. Nf3 e6 3. c3 Nf6 4. e5 Nd5 5. d4 cxd4 6. cxd4 d6 7. Nc3 Nxc3 8. bxc3 Qc7 9. Qb3 Nd7 {[%emt 0:02:33] B22: Sicilian: 2 c3.} 10. Bf4 Be7 11. Bd3 dxe5 12. Nxe5 Bd6 13. Bb5 O-O 14. Bxd7 Bxe5 15. Bxe5 Qxd7 16. O-O b6 17. a4 Bb7 18. f3 Rac8 19. Rfe1 Bd5 20. Qb2 Rc4 21. a5 Rfc8 22. axb6 axb6 23. Rec1 Qc6 24. Ra3 f6 25. Bg3 Rxd4 26. Ra6 Ra4 27. Rxb6 Qc4 28. Qb5 Ra2 29. Qxc4 Rxc4 30. Rb4 Kf7 31. Rxc4 Bxc4 32. Bd6 Rd2 33. Bf4 Rb2 34. Bd6 Rd2 35. Bf4 Rb2 (35... Re2 $15 {deserves consideration.}) 36. Bd6 $15 1/2-1/2

[Event "5th Thessaloniki SKG Open-B 2024"]
[Site "Thessaloniki"]
[Date "2024.08.07"]
[Round "2.5"]
[White "Skarlas, Vasileios"]
[Black "Hatzigrigoriou, Georgios"]
[Result "0-1"]
[ECO "B48"]
[WhiteElo "1688"]
[BlackElo "1800"]
[Annotator "NA RC"]
[PlyCount "74"]
[EventDate "2024.08.05"]
[EventType "swiss"]
[EventCountry "GRE"]
[SourceTitle "playchess.com"]
[Source "ChessBase"]
[SourceQuality "1"]
[TimeControl "40/5400+30:1800+30"]

1. e4 c5 2. Nf3 e6 3. d4 cxd4 4. Nxd4 Nc6 5. Nc3 Qc7 6. Be3 a6 7. a4 Nf6 8. Be2 Bb4 9. f3 Ne5 10. Bd2 Bc5 11. Nb3 Ba7 $14 (11... Be7 $11) 12. f4 Ng6 13. e5 Nd5 14. Nxd5 exd5 15. Bf3 O-O 16. Bb4 Re8 17. Bd6 Qxd6 18. Bxd5 Nxe5 19. Kf1 Nc4 20. Bxf7+ Kxf7 21. Qh5+ Qg6 22. Qd5+ Qe6 23. Qh5+ Kg8 24. f5 Ne3+ 25. Ke2 Nxf5+ 26. Kd1 g6 27. Qf3 Qe3 28. Qd5+ Kg7 29. g4 Nd4 30. Nxd4 Qxd4+ 31. Qxd4+ Bxd4 32. c3 Bf6 33. h4 h6 34. Kd2 d5 35. Raf1 Bxg4 36. Rhg1 Re2+ 37. Kd3 Rae8 0-1

[Event "5th Thessaloniki SKG Open-B 2024"]
[Site "Thessaloniki"]
[Date "2024.08.07"]
[Round "2.6"]
[White "Misios, Konstantinos"]
[Black "Chalkias, Michail Panagiotis"]
[Result "0-1"]
[ECO "B30"]
[WhiteElo "1682"]
[BlackElo "1772"]
[Annotator "NA RC"]
[PlyCount "62"]
[EventDate "2024.08.05"]
[EventType "swiss"]
[EventCountry "GRE"]
[SourceTitle "playchess.com"]
[Source "ChessBase"]
[SourceQuality "1"]
[TimeControl "40/5400+30:1800+30"]

1. e4 c5 2. Nf3 Nc6 3. c4 e5 4. Nc3 Nge7 5. Be2 g6 6. d3 Bg7 7. O-O O-O 8. Be3 d6 9. Qd2 f5 10. exf5 gxf5 11. Bh6 f4 12. Bxg7 Kxg7 13. Ne4 h6 14. a3 a5 15. Bd1 a4 16. Nc3 Bg4 17. Qc2 Nf5 18. Nb5 Kh8 19. Qc3 Rg8 20. Kh1 Rg7 21. h3 Bh5 22. Nxe5 Nxe5 23. Bxh5 Qg5 24. Bg4 Nxg4 25. Nc7 Ne5 26. Rg1 Rxc7 27. Rae1 Rg7 28. b3 axb3 29. Qxb3 Rag8 30. Qc3 Nd4 31. Qd2 Ndf3 0-1

[Event "5th Thessaloniki SKG Open-B 2024"]
[Site "Thessaloniki"]
[Date "2024.08.07"]
[Round "2.7"]
[White "Seretis, Nikolaos G"]
[Black "Arzoumanidis, Alexandros"]
[Result "1-0"]
[ECO "C02"]
[WhiteElo "1675"]
[BlackElo "1763"]
[Annotator "NA RC"]
[PlyCount "63"]
[EventDate "2024.08.05"]
[EventType "swiss"]
[EventCountry "GRE"]
[SourceTitle "playchess.com"]
[Source "ChessBase"]
[SourceQuality "1"]
[TimeControl "40/5400+30:1800+30"]

1. e4 e6 2. d4 d5 3. e5 c5 4. c3 Nc6 5. Nf3 Qb6 6. a3 cxd4 7. cxd4 Bd7 8. b4 Rc8 9. Bb2 Be7 10. Nc3 f6 11. Na4 Qd8 12. Rc1 b6 13. Bd3 Nh6 14. exf6 Bxf6 15. O-O O-O 16. Bc2 Qe7 17. Qd3 g6 18. h3 Rf7 19. Rce1 Rcf8 20. Nc3 Qd8 21. Ne5 Nxe5 22. dxe5 Bh4 23. g3 Rf3 24. Re3 Rxe3 25. Qxe3 Nf5 26. Bxf5 Rxf5 27. gxh4 Qxh4 28. Ne2 Rg5+ 29. Ng3 Bb5 30. Rc1 h6 31. Rc8+ Kg7 32. Qf3 1-0

[Event "5th Thessaloniki SKG Open-B 2024"]
[Site "Thessaloniki"]
[Date "2024.08.07"]
[Round "3.1"]
[White "Pantoglou, Dimitrios"]
[Black "Bokias, Petros"]
[Result "1-0"]
[ECO "D43"]
[WhiteElo "1893"]
[BlackElo "1709"]
[Annotator "NA RC"]
[PlyCount "79"]
[EventDate "2024.08.05"]
[EventType "swiss"]
[EventCountry "GRE"]
[SourceTitle "playchess.com"]
[Source "ChessBase"]
[SourceQuality "1"]
[TimeControl "40/5400+30:1800+30"]

1. d4 d5 2. c4 c6 3. Nc3 Nf6 4. Nf3 e6 5. Bg5 h6 6. Bxf6 Qxf6 7. e3 Nd7 8. Qc2 Be7 9. O-O-O h5 10. e4 Nb6 11. cxd5 exd5 12. exd5 Nxd5 13. Nxd5 cxd5 14. Bb5+ Kf8 15. Kb1 g6 16. Rhe1 Kg7 17. Qe2 Bb4 18. Rf1 Bg4 19. Qe5 Bxf3 20. gxf3 Qxe5 21. dxe5 Rad8 22. f4 Bc5 23. Kc2 h4 24. h3 Bb6 25. Be2 Rhe8 26. Bb5 Re7 27. Kd3 Rc7 28. Ke2 Rc2+ 29. Rd2 Rxd2+ 30. Kxd2 Kf8 31. Bd3 Bd4 32. b3 Ke7 33. f3 Ke6 34. Rc1 Rd7 35. Rc8 Re7 36. b4 Bg1 37. Rd8 Rd7 38. Re8+ Re7 39. f5+ Kd7 40. Bb5+ 1-0

[Event "5th Thessaloniki SKG Open-B 2024"]
[Site "Thessaloniki"]
[Date "2024.08.07"]
[Round "3.2"]
[White "Hatzigrigoriou, Georgios"]
[Black "Petkakis, Odysseas"]
[Result "0-1"]
[ECO "C44"]
[WhiteElo "1800"]
[BlackElo "1701"]
[Annotator "NA RC"]
[PlyCount "88"]
[EventDate "2024.08.05"]
[EventType "swiss"]
[EventCountry "GRE"]
[SourceTitle "playchess.com"]
[Source "ChessBase"]
[SourceQuality "1"]
[TimeControl "40/5400+30:1800+30"]

1. e4 e5 2. Nf3 Nc6 3. d4 exd4 4. Bc4 Bb4+ 5. c3 dxc3 6. bxc3 Bd6 7. O-O Nge7 8. Re1 O-O 9. e5 Bc5 10. Ng5 d5 11. exd6 Qxd6 12. Qb3 Qg6 13. Bf4 Bb6 14. Nd2 h6 15. Ngf3 Bg4 16. Qa3 Bxf3 17. Nxf3 Qg4 18. Re4 g5 19. Rae1 gxf4 20. Rxe7 Nxe7 21. Qxe7 Qf5 22. Re5 Qb1+ 23. Re1 Qc2 24. Re2 Qxc3 25. Bb3 Kg7 26. h3 Rae8 27. Qxe8 Rxe8 28. Rxe8 Qc1+ 29. Re1 Qb2 30. Re7 Bxf2+ 31. Kf1 Bg3 32. Re2 Qc1+ 33. Ne1 c5 34. Bd5 c4 35. Bxb7 c3 36. Be4 c2 37. Bxc2 Bxe1 38. Rxe1 Qxc2 39. Re2 Qd3 40. Kf2 Qg3+ 41. Kg1 Kf6 42. Kf1 Kf5 43. Rf2 Qd3+ 44. Ke1 Qb1+ 0-1

[Event "5th Thessaloniki SKG Open-B 2024"]
[Site "Thessaloniki"]
[Date "2024.08.07"]
[Round "3.3"]
[White "Chalkias, Michail Panagiotis"]
[Black "Avanesyan, Aleksandr"]
[Result "1/2-1/2"]
[ECO "E04"]
[WhiteElo "1772"]
[BlackElo "1700"]
[Annotator "NA RC"]
[PlyCount "91"]
[EventDate "2024.08.05"]
[EventType "swiss"]
[EventCountry "GRE"]
[SourceTitle "playchess.com"]
[Source "ChessBase"]
[SourceQuality "1"]
[TimeControl "40/5400+30:1800+30"]

1. d4 d5 2. c4 c6 3. Nf3 Nf6 4. g3 e6 5. Bg2 dxc4 6. Ne5 Nbd7 7. Nxc4 Nb6 8. Nxb6 Qxb6 9. O-O Be7 10. Nc3 O-O 11. e3 Rd8 12. Qb3 Qc7 13. Rd1 Qb6 14. Na4 Qxb3 15. axb3 e5 16. Nb6 Bg4 17. Nxa8 Bxd1 18. Rxa7 exd4 19. exd4 Rxd4 20. Be3 Rd8 21. Nb6 Ng4 22. Nc4 Bxb3 23. Nd2 Nxe3 24. fxe3 Rxd2 25. Rxb7 Rxg2+ 26. Kxg2 Bd5+ 27. Kf2 Bf8 28. Rb8 g6 29. b4 Kg7 30. b5 cxb5 31. Rxb5 Be6 32. Kf3 h5 33. Kf2 Bd6 34. h4 Kf6 35. Ra5 Bg4 36. Rb5 Be6 37. Ra5 Kg7 38. Ra6 Be7 39. Ra7 Bf6 40. Kf3 Be5 41. Re7 Kf6 42. Ra7 Bg4+ 43. Kf2 Be6 44. Ra5 Bc3 45. Rc5 Bb4 46. Rb5 1/2-1/2

[Event "5th Thessaloniki SKG Open-B 2024"]
[Site "Thessaloniki"]
[Date "2024.08.07"]
[Round "3.4"]
[White "Christou, Lambros"]
[Black "Nakitsas, Stergios"]
[Result "0-1"]
[ECO "C02"]
[WhiteElo "1707"]
[BlackElo "1759"]
[Annotator "NA RC"]
[PlyCount "56"]
[EventDate "2024.08.05"]
[EventType "swiss"]
[EventCountry "GRE"]
[SourceTitle "playchess.com"]
[Source "ChessBase"]
[SourceQuality "1"]
[TimeControl "40/5400+30:1800+30"]

1. e4 e6 2. d4 d5 3. e5 c5 4. c3 Nc6 5. Nf3 Bd7 6. Be2 f6 7. O-O fxe5 8. dxe5 Nge7 9. Bd3 Qc7 10. Re1 g6 11. Bg5 Bg7 12. Bf6 O-O 13. Bxg7 Kxg7 14. Nbd2 c4 15. Bc2 b5 16. b4 a5 17. a4 axb4 18. axb5 bxc3 19. Nxc4 dxc4 20. bxc6 Nxc6 21. Rxa8 Rxa8 22. Be4 Ra2 23. Qc1 Qb6 24. Qg5 Qxf2+ 25. Kh1 Re2 26. Qf6+ Kg8 27. Rxe2 Qxe2 28. Qh4 c2 0-1

[Event "5th Thessaloniki SKG Open-B 2024"]
[Site "Thessaloniki"]
[Date "2024.08.07"]
[Round "3.5"]
[White "Polyzos, Vasileios"]
[Black "Symeonidis, Theofilos"]
[Result "1-0"]
[ECO "B51"]
[WhiteElo "1700"]
[BlackElo "1757"]
[Annotator "NA RC"]
[PlyCount "53"]
[EventDate "2024.08.05"]
[EventType "swiss"]
[EventCountry "GRE"]
[SourceTitle "playchess.com"]
[Source "ChessBase"]
[SourceQuality "1"]
[TimeControl "40/5400+30:1800+30"]

1. e4 c5 2. Nf3 d6 3. Bb5+ Nd7 4. O-O a6 5. Bxd7+ Bxd7 6. c3 Nf6 7. Re1 Bc6 8. e5 dxe5 9. Nxe5 Qd5 10. f3 e6 11. d4 Rd8 12. Be3 cxd4 13. cxd4 Bb4 14. Nc3 Bxc3 15. bxc3 b5 16. Bg5 h6 17. Bh4 g5 18. Bg3 Nh5 19. Qb3 O-O 20. Qc2 b4 21. cxb4 Nxg3 22. Nxc6 Rc8 23. Ne7+ Kg7 24. Nxc8 Rxc8 25. Qb2 Rc2 26. Qxc2 Qxd4+ 27. Qf2 1-0

[Event "5th Thessaloniki SKG Open-B 2024"]
[Site "Thessaloniki"]
[Date "2024.08.07"]
[Round "3.6"]
[White "Seretis, Nikolaos G"]
[Black "Triantaphylidis, Alexandros I"]
[Result "1/2-1/2"]
[ECO "B12"]
[WhiteElo "1675"]
[BlackElo "1745"]
[Annotator "NA RC"]
[PlyCount "56"]
[EventDate "2024.08.05"]
[EventType "swiss"]
[EventCountry "GRE"]
[SourceTitle "playchess.com"]
[Source "ChessBase"]
[SourceQuality "1"]
[TimeControl "40/5400+30:1800+30"]

1. e4 c6 2. d4 d5 3. e5 c5 4. dxc5 e6 5. Nf3 Bxc5 6. a3 Ne7 7. b4 Bb6 8. Bb2 Ng6 9. c4 dxc4 10. Qxd8+ Bxd8 11. Bxc4 O-O 12. O-O Bd7 13. Nbd2 b5 14. Bd3 Bc6 15. Rac1 Nf4 16. Ne1 Bg5 17. Rc2 Rd8 18. Nef3 Nxd3 19. Nxg5 Nxb2 20. Rxb2 Nd7 21. f4 Nb6 22. Rc1 Rac8 23. Rbc2 Bb7 24. Rxc8 Rxc8 25. Rxc8+ Nxc8 26. Nge4 Bxe4 27. Nxe4 Kf8 28. g3 Ke7 1/2-1/2

[Event "5th Thessaloniki SKG Open-B 2024"]
[Site "Thessaloniki"]
[Date "2024.08.07"]
[Round "3.7"]
[White "Spagkakas, Konstantinos"]
[Black "Keramaros, Vasileios"]
[Result "0-1"]
[ECO "A13"]
[WhiteElo "1665"]
[BlackElo "1719"]
[Annotator "NA RC"]
[PlyCount "70"]
[EventDate "2024.08.05"]
[EventType "swiss"]
[EventCountry "GRE"]
[SourceTitle "playchess.com"]
[Source "ChessBase"]
[SourceQuality "1"]
[TimeControl "40/5400+30:1800+30"]

1. c4 e6 2. Nf3 d5 3. e3 Nf6 4. b3 Be7 5. Bb2 b6 6. Be2 Bb7 7. O-O O-O 8. d4 Nbd7 9. Nbd2 Rc8 10. Rc1 c5 11. dxc5 Nxc5 12. Ne5 Nfd7 13. Nxd7 Nxd7 14. Nf3 Bf6 15. Nd4 dxc4 16. Bxc4 Ne5 17. Qe2 Nxc4 18. bxc4 Qe7 19. Rfd1 Rfd8 20. Rd2 Qb4 21. a3 Qa5 22. Rdc2 Be7 23. Nb5 Be4 24. Qg4 Bg6 25. Re2 Qa4 26. Ree1 h5 27. Qg3 Rxc4 28. Rxc4 Qxc4 29. Nd4 Bf6 30. Rc1 Qa2 31. Bc3 Rc8 32. h3 Rxc3 33. Qb8+ Kh7 34. Rxc3 Qa1+ 35. Kh2 Qxc3 0-1